 Dungeon Crawl Stone Soup version 0.27-a0-789-g6bb3289e1e (webtiles) character file.

Game seed: 11895885751053725168

5330 Hasart the Frost Mage (level 10, -3/81 HPs)
             Began as a Demigod Ice Elementalist on Mar 26, 2021.
             Slain by a harpy zombie (10 damage)
             ... on level 3 of the Abyss.
             The game lasted 00:31:20 (11847 turns).

Hasart the Frost Mage (Demigod Ice Elementalist)   Turns: 11847, Time: 00:31:20

Health: -3/81      AC: 10    Str: 12    XL:     10   Next: 16%
Magic:  22/22      EV: 13    Int: 36    God:
Gold:   354        SH:  5    Dex: 14    Spells: 6/20 levels left

rFire    . . .     SeeInvis .   w - +6 flail (freeze)
rCold    + . .     Faith    .   r - +0 buckler
rNeg     . . .     Spirit   .   t - +2 troll leather armour
rPois    .         Reflect  .   F - +2 hat
rElec    .         Harm     .   C - +0 cloak
rCorr    .         Rampage  .   E - +0 pair of gloves
Will     ++...                  (no boots)
Stlth    ++........             m - amulet of regeneration
HPRegen  0.00/turn              a - ring of Naopyel {rC+ Str+3 Int+7}
MPRegen  0.18/turn              j - ring of willpower

@: about to teleport, non-regenerating, diseased
A: high mp 1, forlorn
a: no special abilities


You were on level 3 of the Abyss.
You visited 1 branch of the dungeon, and saw 9 of its levels.
You visited the Abyss 1 time.

You collected 558 gold pieces.
You spent 204 gold pieces at shops.

Inventory:

Hand Weapons
 c - the +5 scythe of Ynawk {speed, *Drain rPois Str+3}
   (You took it off a centaur on level 8 of the Dungeon)

   Attacks with this weapon are significantly faster.
   It affects your strength (+3).
   It protects you from poison.
   It causes draining when unequipped.
 d - a +2 dagger of venom
 w - a +6 flail of freezing (weapon)
Armour
 l - a scarf of shadows
 r - a +0 buckler (worn)
 t - a +2 troll leather armour (worn)
 v - a +1 leather armour of fire resistance
 x - a +0 robe of the Archmagi
 y - +0 acid dragon scales
 C - a +0 cloak (worn)
 E - a +0 pair of gloves (worn)
 F - a +2 hat (worn)
Jewellery
 a - the ring of Naopyel (right hand) {rC+ Str+3 Int+7}
   (You acquired it on level 8 of the Dungeon)

   [ring of protection from cold]

   It affects your strength (+3).
   It affects your intelligence (+7).
   It protects you from cold.
 e - a +6 ring of intelligence
 i - a ring of see invisible
 j - a ring of willpower (left hand)
 m - an amulet of regeneration (around neck)
 o - an amulet of reflection
Wands
 z - a wand of flame (16)
 B - a wand of acid (6)
Scrolls
 b - a scroll of amnesia
 f - 4 scrolls of teleportation
 g - a scroll of immolation
 n - 2 scrolls of magic mapping
Potions
 h - a potion of berserk rage
 k - a potion of curing
 p - a potion of lignification
 q - 3 potions of haste
 s - a potion of magic
 u - a potion of mutation


   Skills:
 - Level 5.0 Fighting
 - Level 4.0 Dodging
 - Level 1.7 Stealth
 + Level 3.8 Shields
 + Level 5.6 Spellcasting
 + Level 4.4 Conjurations
 + Level 4.3 Summonings
 * Level 9.1 Ice Magic


You had 6 spell levels left.
You knew the following spells:

 Your Spells              Type           Power      Damage    Failure   Level
a - Freeze                Ice            100%       1d11      1%          1
b - Frozen Ramparts       Ice            100%       1d12      1%          3
c - Hailstorm             Conj/Ice       56%        3d12      3%          4
d - Summon Ice Beast      Ice/Summ       55%        N/A       3%          4
e - Blink                 Tloc           N/A        N/A       8%          2

Your spell library contained the following spells:

 Spells                   Type           Power      Damage    Failure   Level
 Magic Dart               Conj           100%       1d8       1%          1
 Summon Small Mammal      Summ           100%       N/A       1%          1
 Call Imp                 Summ           41%        N/A       1%          2
 Ozocubu's Armour         Ice            66%        N/A       1%          3
 Call Canine Familiar     Summ           41%        N/A       2%          3
 Conjure Flame            Conj/Fire      26%        6-21      6%          3
 Summon Guardian Golem    Hex/Summ       25%        N/A       6%          3
 Slow                     Hex            10%        N/A       8%          2
 Mephitic Cloud           Conj/Pois/Air  20%        N/A       8%          3
 Summon Lightning Spire   Summ/Air       25%        N/A       21%         4


Dungeon Overview and Level Annotations

Branches:
Dungeon (9/15)             Temple (0/1) D:5
   Lair: D:8-11         Orc: D:9-12

Shops:
D:7 *


Innate Abilities, Weirdness & Mutations

Your attributes grow dramatically as you level up.
You have an increased reservoir of magic. (+10% MP)
You shall have no god before yourself.


Message History

Unknown command.
The harpy zombie completely misses you. The harpy zombie barely misses you.
The harpy zombie claws you! The harpy zombie claws you.
A crimson imp comes into view.
The harpy zombie claws you but does no damage. x2
The harpy zombie claws you but does no damage.
The harpy zombie claws you! x2; The harpy zombie closely misses you.
A white imp and an ancient zyme come into view.
The harpy zombie barely misses you. The harpy zombie closely misses you.
You feel yourself growing ill in the presence of the ancient zyme.
You block the harpy zombie's attack.
The harpy zombie claws you but does no damage.
The harpy zombie claws you!
* * * LOW HITPOINT WARNING * * *
The harpy zombie closely misses you. The harpy zombie claws you!
* * * LOW HITPOINT WARNING * * *
The harpy zombie barely misses you.
Unknown command.
The ancient zyme completely misses you. The ancient zyme misses you.
You feel ill. The harpy zombie claws you.
* * * LOW HITPOINT WARNING * * *
The harpy zombie closely misses you.
Unknown command.
The harpy zombie completely misses you. You block the harpy zombie's attack.
Unknown command.
The harpy zombie closely misses you. The harpy zombie misses you.
You feel ill.
The harpy zombie claws you but does no damage.
The harpy zombie misses you.
Unknown command.
The harpy zombie misses you. The harpy zombie claws you.
* * * LOW HITPOINT WARNING * * *
Unknown command.
The harpy zombie completely misses you. You block the harpy zombie's attack.
Unknown command.
The harpy zombie barely misses you.
The harpy zombie claws you but does no damage.
You block the harpy zombie's attack. The harpy zombie barely misses you.
Unknown command.
The harpy zombie claws you!
You die...

.. .# ..#. ... #
... .. #.####.##.
##......... #....#
... #.@.###.# # ##
#.##Z....# .#
###.### #..#..#.##
.###
.......##.x......#
#. .#..
#....#5.#.#... #
...##
#....#...#..#. ##
#...###.....###.#.#
# # ..#...##...
#.....#.# #..
..............##.#
#


You could see an ancient zyme, a white imp and a harpy zombie.

Vanquished Creatures
  Maggie (D:7)
  3 yaks (D:8)
  A wyvern (D:8)
  3 steam dragons
  A vampire mosquito (D:9)
  Grum (D:8)
  Duvessa (D:4)
  3 orc warriors
  An ice beast (D:8)
  A necrophage (D:4)
  2 sky beasts
  A hornet zombie (D:8)
  An ogre (D:5)
  3 wolves (D:8)
  3 phantoms
  A centaur (D:8)
  A kobold brigand (D:7)
  2 bullfrogs
  2 gnoll sergeants
  A wyvern zombie (D:8)
  2 scorpions
  A water moccasin skeleton (D:6)
  Dowan (D:4)
  2 wights (D:8)
  5 howler monkeys
  4 hounds
  A jelly (D:6)
  2 centaur zombies (D:8)
  2 orc priests
  6 iguanas
  6 orc wizards
  A hound zombie (D:5)
  A howler monkey zombie (D:8)
  5 gnolls (D:7)
  5 adders
  A shadow imp (D:6)
  3 white imps
  2 worms
  A dart slug (D:2)
  18 orcs
  7 ball pythons
  6 endoplasms
  3 giant cockroaches
  9 goblins
  14 hobgoblins
  15 jackals
  11 kobolds
  2 quokkas
  6 bats
  3 frilled lizards
  4 rats
182 creatures vanquished.

Vanquished Creatures (collateral kills)
  A troll (D:5)
  A shadow (D:7)
  A vampire mosquito (D:9)
  A black bear (D:5)
  A necrophage (D:7)
  A phantom (D:6)
  5 wights (D:7)
  A centaur zombie (D:7)
  A centaur skeleton (D:7)
  2 killer bee zombies (D:8)
15 creatures vanquished.

Vanquished Creatures (others)
  8 plants (D:8)
  3 starspawn tentacles (Abyss:3)
11 creatures vanquished.

Grand Total: 208 creatures vanquished

Notes
Turn   | Place    | Note
-------+----------+-------------------------------------------
     0 | D:1      | Hasart the Demigod Ice Elementalist began the quest for the
                  | Orb.
     0 | D:1      | Reached XP level 1. HP: 14/14 MP: 5/5
   592 | D:1      | Reached XP level 2. HP: 13/20 MP: 2/7
  1329 | D:1      | Reached skill level 4 in Ice Magic
  1865 | D:2      | Reached XP level 3. HP: 14/26 MP: 6/8
  2029 | D:2      | Learned a level 3 spell: Frozen Ramparts
  3417 | D:3      | Reached XP level 4. HP: 33/33 MP: 7/10
  3921 | D:3      | Noticed an angel
  4958 | D:4      | Reached skill level 5 in Ice Magic
  4958 | D:4      | Reached XP level 5. HP: 33/38 MP: 9/11
  5127 | D:4      | Noticed Duvessa
  5127 | D:4      | Noticed Dowan
  5135 | D:4      | Killed Dowan
  5136 | D:4      | Killed Duvessa
  5137 | D:4      | Reached skill level 1 in Fighting
  5137 | D:4      | Reached XP level 6. HP: 44/47 MP: 7/13
  5144 | D:4      | Learned a level 4 spell: Hailstorm
  5849 | D:5      | Entered Level 5 of the Dungeon
  5908 | D:5      | Found a staircase to the Ecumenical Temple.
  6055 | D:5      | Reached skill level 6 in Ice Magic
  6089 | D:5      | Reached XP level 7. HP: 44/55 MP: 11/15
  6335 | D:5      | Learned a level 4 spell: Summon Ice Beast
  6712 | D:5      | Noticed a troll
  6852 | D:6      | Reached skill level 1 in Conjurations
  6921 | D:6      | Reached skill level 1 in Summonings
  7186 | D:6      | Reached XP level 8. HP: 32/63 MP: 17/17
  7493 | D:6      | Reached skill level 7 in Ice Magic
  8057 | D:5      | Killed a troll
  8058 | D:5      | Reached skill level 1 in Shields
  8721 | D:7      | Found Moxaskip's General Store.
  8724 | D:7      | Bought a +1 leather armour of fire resistance for 168 gold
                  | pieces
  8724 | D:7      | Bought a scroll of teleportation for 36 gold pieces
  9097 | D:7      | Noticed Maggie
  9229 | D:7      | Reached XP level 9. HP: 54/71 MP: 5/19
  9568 | D:7      | Killed Maggie
  9569 | D:7      | Reached skill level 8 in Ice Magic
  9965 | D:8      | Noticed Grum
  9972 | D:8      | Killed Grum
  9973 | D:8      | Reached skill level 5 in Spellcasting
 10773 | D:8      | Learned a level 2 spell: Blink
 11066 | D:8      | Identified a scroll of acquirement
 11066 | D:8      | Acquired the ring of Naopyel {rC+ Str+3 Int+7}
 11168 | D:8      | Reached XP level 10. HP: 79/80 MP: 18/21
 11287 | D:8      | Reached skill level 5 in Fighting
 11343 | D:8      | Identified the +5 scythe of Ynawk {speed, *Drain rPois
                  | Str+3}
 11351 | D:8      | Reached skill level 9 in Ice Magic
 11768 | D:9      | Noticed a wizard
 11770 | D:9      | Cast into level 3 of the Abyss (a wizard)
 11813 | Abyss:3  | Noticed a tentacled starspawn
 11828 | Abyss:3  | Noticed a thrashing horror
 11847 | Abyss:3  | Slain by a harpy zombie

Illustrated notes

Levels and vault maps discovered:
D:1:      dpeg_arrival_arbitrary_a, layout_loops_corners,
          minmay_misc_feat_rugged
D:2:      minmay_inner_zag, layout_loops_ring,
          nicolae_uskayaw_murder_on_the_dancefloor
D:3:      layout_loops_corners, grunt_temple_overflow_order_and_chaos_1,
          hangedman_decor_push
D:4:      layout_loops_corners, uniq_duvessa
D:5:      layout_basic, fedhas_altar_2, kennysheep_mini_moat,
          minmay_temple_entry_tees, chequers_garden, kennysheep_minor_cross
D:6:      layout_basic, lightli_temple_of_fire
D:7:      layout_basic, ashenzari_conservatory_becter, elyvilon_altar_5,
          serial_shops, nicolae_shop_trees, uniq_maggie
D:8:      nzn_winding_woodlands_three_and_one [nzn_winding_woodlands_5x15_eye,
          nzn_winding_woodlands_5x15_default, nzn_winding_woodlands_5x15_zeroes,
          nzn_winding_woodlands_center_garden], layout_basic, serial_glass,
          glass_columns_b, glass_columns_c, glass_columns_a, glass_columns_a,
          glass_columns_c, glass_columns_a, glass_columns_a, glass_columns_b,
          glass_columns_a, glass_columns_b, cheibrodos_ashenzari_chains,
          uniq_grum
D:9:      layout_cave_pools, nicolae_tso_besieged_by_evil, orc_0_dummy,
          kennysheep_pointless_box, kb_rosetta
Abyss:3:  base: Temple, base:
D:2

Skill      XL: |  1  2  3  4  5  6  7  8  9 10 |
---------------+-------------------------------+-----
Dodging        | 2 3 4 |  4.0
Spellcasting   | 2 3 4 5 |  5.6
Ice Magic      | 4 5 6 7 8 9 |  9.1
Fighting       | 1 2 3 4 5 |  5.0
Conjurations   | 1 3 4 |  4.4
Summonings     | 1 2 4 |  4.3
Shields        | 2 3 |  3.8
Stealth        | |  1.7

Action                   |  1- 3 |  4- 6 |  7- 9 | 10-12 || total
-------------------------+-------+-------+-------+-------++-------
Melee: Unarmed           |     1 |       |       |       ||     1
       Dagger            |    29 |    50 |   328 |       ||   407
       Flail             |       |       |    68 |    16 ||    84
 Cast: Freeze            |    61 |    36 |    15 |       ||   112
       Frozen Ramparts   |       |    10 |    28 |     2 ||    40
       Summon Ice Beast  |       |       |    28 |     3 ||    31
       Hailstorm         |       |       |    24 |     4 ||    28
  Use: Potion            |     1 |       |       |     1 ||     2
       Scroll            |       |       |     3 |    14 ||    17
 Stab: Sleeping          |     5 |     4 |     1 |       ||    10
       Distracted        |       |       |     1 |     1 ||     2
Armor: Robe              |    11 |     8 |    28 |       ||    47
       Troll leather arm |       |       |    44 |    22 ||    66
       Leather armour    |       |       |     2 |       ||     2
Dodge: Dodged            |    44 |    44 |   271 |    41 ||   400
Block: Buckler           |       |       |       |    18 ||    18

Table legend: (Time is in decaauts)
 A = Elapsed time spent in this place.
 B = Non-inter-level travel time spent in this place.
 C = Inter-level travel time spent in this place.
 D = Time resting spent in this place.
 E = Time spent auto-exploring this place.
 F = Levels seen in this place.
 G = Mean time per level.
                   A        B        C        D        E       F      G
               +--------+--------+--------+--------+--------+-----+--------+
         Total |  11881 |  11425 |    456 |    361 |   8895 |  10 | 1188.1 |
       Dungeon |  11804 |  11348 |    456 |    361 |   8895 |   9 | 1311.6 |
         Abyss |     77 |     77 |      0 |      0 |      0 |   1 |   77.0 |
               +--------+--------+--------+--------+--------+-----+--------+

Top non-repeatable levels by time:
     D:8: 1730 daAuts
     D:1: 1664 daAuts
     D:2: 1658 daAuts
     D:7: 1488 daAuts
     D:4: 1336 daAuts
     D:5: 1289 daAuts
     D:3: 1252 daAuts
     D:6: 1250 daAuts
     D:9: 133 daAuts
 Abyss:3: 77 daAuts
